General information
- name: BNet
- type: Ladder 1vs1/FFA
- host: Battle.net
- saver: spooltiurf
map: MeltingValley
- players: 2
- length: 29:13
- speed: Fast
- version: 1.26 W3XP
- replay type: Public
» download(79 KB)
Players
team 1 (loser)
jrbloch (
red | 30 APM | 863 actions | 29:13)
4 Keeper of the Grove
1 Force of Nature
1 Entangling Roots
2 Thorns Aura
3 Firelord
2 Summon Lava Spawn
1 Soul Burn
» actions
| Basic commands | 4 | |
| Build / train | 98 | |
| Enter build submenu | 20 | |
| Enter hero's abilities submenu | 8 | |
| Remove unit from queue | 2 | |
| Right click | 355 | |
| Select / deselect | 323 | |
| Use ability | 53 | |
863 total
» units
| Wisp | 28 | |
| Archer | 6 | |
| Huntress | 6 | |
| Hippogryph | 23 | |
| Dryad | 2 | |
65 total
» upgrades
| Strength of the Moon | 3 | |
| Moon Armor | 2 | |
| Ultravision | 1 | |
| Sentinel | 1 | |
| Hippogryph Taming | 1 | |
| Strength of the Wild | 2 | |
| Reinforced Hides | 2 | |
| Improved Bows | 1 | |
| Well Spring | 1 | |
| Marksmanship | 1 | |
| Abolish Magic | 1 | |
16 total
» buildings
| Moon Well | 5 | |
| Altar of Elders | 2 | |
| Ancient of War | 2 | |
| Hunter's Hall | 1 | |
| Tree of Ages | 1 | |
| Ancient Protector | 4 | |
| Tree of Life | 1 | |
| Ancient of Wind | 2 | |
| Ancient of Lore | 1 | |
| Ancient of Wonders | 1 | |
| Tree of Eternity | 1 | |
| Chimaera Roost | 1 | |
22 total
» build order
00:23 Moon Well
01:05 Altar of Elders
01:20 Ancient of War
01:23 Moon Well
02:31 Hunter's Hall
03:32 Tree of Ages
04:05 Moon Well
04:12 Ancient Protector
05:18 Tree of Life
05:26 Ancient Protector
05:53 Ancient Protector
06:03 Ancient of War
06:31 Ancient of Wind
11:36 Ancient of Wind
11:41 Ancient of Lore
11:52 Ancient of Wonders
11:58 Tree of Eternity
12:42 Ancient Protector
13:11 Moon Well
14:10 Moon Well
17:27 Chimaera Roost
20:22 Altar of Elders
» items
| Boots of Speed | 2 | |
| Periapt of Vitality | 1 | |
| Scroll of Town Portal | 1 | |
4 total
team 2 (winner)
spooltiurf (
yellow | 63 APM | 1844 actions | 29:13)
10 Mountain King
3 Storm Bolt
3 Bash
1 Avatar
3 Thunder Clap
» actions
| Assign group hotkey | 43 | |
| Basic commands | 88 | |
| Build / train | 97 | |
| ESC pressed | 3 | |
| Enter build submenu | 29 | |
| Enter hero's abilities submenu | 10 | |
| Give item / drop item | 7 | |
| Right click | 708 | |
| Select / deselect | 472 | |
| Select group hotkey | 205 | |
| Use ability | 182 | |
1844 total
» units
| Peasant | 14 | |
| Footman | 6 | |
| Forest Troll Berserker | 1 | |
| Forest Troll Shadow Priest | 1 | |
| Goblin Shredder | 1 | |
| Dragonhawk Rider | 5 | |
| Gryphon Rider | 5 | |
33 total
» upgrades
| Defend | 1 | |
| Masonry | 3 | |
| Swords | 3 | |
| Armor | 3 | |
| Long Rifles | 1 | |
| Animal War Training | 1 | |
| Cloud | 1 | |
| Storm Hammers | 1 | |
14 total
» buildings
| Altar of Kings | 1 | |
| Farm | 13 | |
| Barracks | 2 | |
| Scout Tower | 13 | |
| Arcane Tower | 3 | |
| Lumber Mill | 1 | |
| Guard Tower | 9 | |
| Town Hall | 1 | |
| Arcane Vault | 1 | |
| Keep | 1 | |
| Blacksmith | 2 | |
| Gryphon Aviary | 4 | |
| Castle | 1 | |
52 total
» build order
00:05 Altar of Kings
00:27 Farm
00:31 Farm
00:41 Barracks
01:48 Scout Tower
02:32 Arcane Tower
02:32 Arcane Tower
02:45 Farm
03:12 Lumber Mill
03:27 Farm
04:20 Scout Tower
05:14 Guard Tower
05:17 Scout Tower
05:17 Scout Tower
05:22 Town Hall
05:27 Scout Tower
05:27 Scout Tower
05:29 Scout Tower
05:30 Scout Tower
05:56 Arcane Tower
05:57 Guard Tower
05:59 Guard Tower
06:20 Guard Tower
06:40 Guard Tower
06:54 Farm
07:38 Arcane Vault
08:57 Keep
10:22 Blacksmith
10:23 Blacksmith
11:20 Gryphon Aviary
11:21 Gryphon Aviary
11:23 Gryphon Aviary
11:33 Castle
12:56 Barracks
13:22 Gryphon Aviary
15:32 Scout Tower
15:33 Scout Tower
15:34 Scout Tower
15:39 Scout Tower
15:39 Scout Tower
16:02 Guard Tower
16:02 Guard Tower
16:32 Guard Tower
18:10 Farm
18:11 Farm
18:11 Farm
18:11 Farm
29:08 Farm
29:12 Farm
» items
| Staff of Teleportation | 1 | |
| Boots of Speed | 1 | |
| Lesser Clarity Potion | 5 | |
| Potion of Mana | 2 | |
| Periapt of Vitality | 1 | |
| Scroll of Regeneration | 4 | |
| Potion of Healing | 5 | |
| Potion of Invisibility | 1 | |
| Potion of Lesser Invulnerability | 1 | |
| Orb of Fire | 1 | |
| Staff of Sanctuary | 1 | |
23 total
Chat log
(11:11 / All) jrbloch: lmao
(23:52 / All) jrbloch: fucking boring game
(23:55 / All) spooltiurf: lol
(23:57 / All) spooltiurf: because you lost hard
(24:10 / All) spooltiurf: and its not like youre brand new
(24:15 / All) spooltiurf: why are you this bad?
(24:28 / All) spooltiurf: youve played nearly 1000 games
(24:40 / All) spooltiurf: and you uproot against magic damage
(24:42 / All) spooltiurf: thats fucking sad
(25:02 / All) spooltiurf: if i was as bad as you after 1000 games id hang myself
(25:19 / All) spooltiurf: how does that make you feel?
(25:40 / All) spooltiurf: and youre still trying
(25:41 / All) spooltiurf: lol
(25:44 / All) spooltiurf: try haaaaaaard
(25:45 / All) jrbloch: level 9
(25:53 / All) jrbloch: you cheat
(25:55 / All) spooltiurf: ?
(25:58 / All) spooltiurf: no i just rape
(25:59 / All) jrbloch: no way level 9 already
(26:09 / All) spooltiurf: you kept feeding me air
(26:12 / All) spooltiurf: thanks for that
(26:20 / All) spooltiurf: good face saving tears?
(26:27 / All) spooltiurf: lol
(26:46 / All) spooltiurf: "waaaaah i cant lose he must cheat!!!1!!1"
(26:55 / All) jrbloch: i had gold and beat you early and then you cheated to win
(26:59 / All) spooltiurf: no
(27:02 / All) spooltiurf: i expanded way before you
(27:06 / All) spooltiurf: you see, i actually SCOUT
(27:22 / All) spooltiurf: stupid fuck...
(27:25 / All) spooltiurf: :D
(27:40 / All) spooltiurf: dont let me stop you from crying though...
(27:54 / All) jrbloch: let me have you cheat
(27:57 / All) spooltiurf: LOL
(27:59 / All) spooltiurf: no cheat
(28:03 / All) jrbloch: cheat codes
(28:05 / All) spooltiurf: but im much, much smarter than you
(28:27 / All) spooltiurf: how are you this bad?
(28:48 / All) jrbloch: cant beat a cheat
(28:52 / All) spooltiurf: except that i dont cheat
(28:56 / All) spooltiurf: but its a good excuse for you to lose :)
(29:08 / All) jrbloch: ya level 9 when i am a4